 Dungeon Crawl Stone Soup version 0.30-a0-862-g1aabd4f9c5 (webtiles) character file.

Game seed: 7870625448215006348

20326 FexLirch the Blocker (level 12, -18/98 HPs)
             Began as a Gnoll Wanderer on Mar 8, 2023.
             Was a High Priest of Okawaru.
             Demolished by a skeletal warrior
             ... wielding a +0 battleaxe
              (25 damage)
             ... on level 12 of the Dungeon on Mar 9, 2023.
             The game lasted 00:37:47 (12763 turns).

FexLirch the Blocker (Gnoll Wanderer)              Turns: 12763, Time: 00:37:47

Health: -18/98     AC: 18    Str: 15    XL:     12   Next: 78%
Magic:  17/24      EV: 18    Int: 15    God:    Okawaru [*****.]
Gold:   367        SH: 18    Dex: 10    Spells: 11/27 levels left

rFire   . . .      SeeInvis .    h - +9 hand axe of Rokkeq {venom, rC+ rN+}
rCold   + . .      Faith    .    W - +0 tower shield {reflect}
rNeg    + . .      Spirit   .    T - +0 ring mail {Will+}
rPois   .          Reflect  +    P - +1 hat
rElec   .          Rampage  .    l - +0 cloak
rCorr   .                        m - +2 pair of gloves
Will    +....                    (no boots)
Stlth   ++++                     (no amulet)
HPRegen 0.36/turn                L - +5 ring of evasion
MPRegen 0.19/turn                Y - +4 ring of protection

@: heroic, finesse-ful, very slightly contaminated
A: fangs 1, strong nose, distributed training
a: Renounce Religion, Heroism, Finesse, Duel


You were on level 12 of the Dungeon.
You worshipped Okawaru.
Okawaru was extremely pleased with you.
You visited 1 branch of the dungeon, and saw 12 of its levels.

You collected 514 gold pieces.
You spent 147 gold pieces at shops.

Inventory:

Hand Weapons
 d - the +7 short sword of Disharmony {speed, *Slow rF+ Dex+10}
   (Okawaru gifted it to you on level 10 of the Dungeon)

   Dex:       It affects your dexterity (+10).
   rF:        It protects you from fire.
   *Slow:     It may slow you when you take damage.
 h - the +9 hand axe of Rokkeq (weapon) {venom, rC+ rN+}
   (You found it on level 6 of the Dungeon)

   rC:        It protects you from cold.
   rN:        It protects you from negative energy.
 v - the +8 quarterstaff "Kugo Zugau" {vamp, rElec rC+ Str+2}
   (You found it on level 3 of the Dungeon)

   Str:       It affects your strength (+2).
   rC:        It protects you from cold.
   rElec:     It insulates you from electricity.
Missiles
 a - 10 poisoned darts
 B - a datura-tipped dart
 D - 6 curare-tipped darts
 R - 7 atropa-tipped darts
Armour
 e - a +2 buckler
 l - a +0 cloak (worn)
 m - a +2 pair of gloves (worn)
 P - a +1 hat (worn)
 T - a +0 ring mail of willpower (worn)
 W - a +0 tower shield of reflection (worn)
Magical Staves
 S - a staff of death
 Z - a staff of conjuration
Jewellery
 s - a ring of positive energy
 y - a ring of positive energy
 L - a +5 ring of evasion (left hand)
 N - a ring of protection from cold
 Y - a +4 ring of protection (right hand)
Wands
 z - a wand of flame (24)
 E - a wand of mindburst (7)
 G - a wand of paralysis (8)
 O - a wand of polymorph (16)
Scrolls
 c - a scroll of fog
 f - a scroll of identify
 i - 4 scrolls of blinking
 j - 5 scrolls of amnesia
 o - a scroll of immolation {unknown}
 p - 3 scrolls of fear
 q - 4 scrolls of teleportation
 u - 3 scrolls of enchant weapon
 w - 3 scrolls of vulnerability
 x - 4 scrolls of magic mapping
 A - a scroll of enchant armour {unknown}
 K - 3 scrolls of noise
 Q - a scroll of torment {unknown}
 U - a scroll of poison {unknown}
Potions
 b - 9 potions of curing
 g - a potion of attraction
 k - 2 potions of mutation {unknown}
 n - 4 potions of cancellation
 r - a potion of resistance
 t - 2 potions of haste
 C - 2 potions of brilliance
 F - a potion of berserk rage {unknown}
 H - 3 potions of flight
 I - a potion of magic
 J - 2 potions of heal wounds
 M - a potion of degeneration {unknown}
 V - 3 potions of lignification {unknown}
Miscellaneous
 X - a condenser vane


   Skills:
 + Level 10.3(15.3) Fighting
 + Level 7.9(12.9) Short Blades
 + Level 7.9(12.9) Long Blades
 + Level 7.9(12.9) Axes
 + Level 7.9(12.9) Maces & Flails
 + Level 7.9(12.9) Polearms
 + Level 7.9(12.9) Staves
 + Level 7.9(12.9) Ranged Weapons
 + Level 7.9(12.9) Throwing
 + Level 8.3(13.3) Armour
 + Level 7.9(12.9) Dodging
 + Level 7.9(12.9) Stealth
 + Level 10.3(15.3) Shields
 + Level 7.9(12.9) Unarmed Combat
 + Level 8.4 Spellcasting
 + Level 6.5 Conjurations
 + Level 6.5 Hexes
 + Level 6.5 Summonings
 + Level 6.5 Necromancy
 + Level 6.5 Translocations
 + Level 6.5 Transmutations
 + Level 7.7 Fire Magic
 + Level 6.5 Ice Magic
 + Level 6.5 Air Magic
 + Level 6.5 Earth Magic
 + Level 6.5 Poison Magic
 + Level 8.6 Invocations
 + Level 7.9 Evocations


You had 11 spell levels left.
You knew the following spells:

 Your Spells              Type           Power      Damage    Failure   Level
a - Foxfire               Conj/Fire      100%       2x1d9     3%          1
b - Summon Guardian Gole  Hex/Summ       26%        N/A       13%         3
c - Swiftness             Air            26%        N/A       13%         3
d - Passwall              Tmut/Erth      21%        N/A       7%          2
e - Kindle Blastsparks    Fire/Tloc/Air  54%        2d14      12%         3
f - Blink                 Tloc           52%        N/A       7%          2
g - Lesser Beckoning      Tloc           52%        N/A       7%          2

Your spell library contained the following spells:

 Spells                   Type           Power      Damage    Failure   Level
 Freeze                   Ice            100%       1d10      4%          1
 Shock                    Conj/Air       100%       1d9       4%          1
 Ensorcelled Hibernation  Hex/Ice        52%        N/A       7%          2
 Momentum Strike          Conj/Tloc      52%        3d9       7%          2
 Inner Flame              Hex/Fire       27%        N/A       11%         3
 Frozen Ramparts          Ice            52%        1d8       13%         3
 Hailstorm                Conj/Ice       26%        3d7       13%         3
 Spider Form              Tmut/Pois      26%        N/A       13%         3
 Flame Wave               Conj/Fire      27%        2d9       34%         4
 Sticky Flame             Conj/Fire      27%        2d5       34%         4
 Airstrike                Air            13%        2d(2-18)  41%         4
 Anguish                  Hex/Necr       13%        N/A       41%         4
 Fulminant Prism          Conj/Hex       13%        3d9       41%         4
 Iskenderun's Mystic Bla  Conj/Tloc      26%        2d7       41%         4
 Lee's Rapid Deconstruct  Erth           13%        3d9*      77%         5
 Orb of Destruction       Conj           13%        9d7       100%        7
 Spellforged Servitor     Conj/Summ      Unusable   N/A       N/A         7

Dungeon Overview and Level Annotations

Branches:
Dungeon (12/15)            Temple (0/1) D:4            Lair (0/5) D:8
    Orc (0/2) D:10

Altars:
Cheibriados
Dithmenos
Elyvilon
Nemelex Xobeh
Okawaru
Trog
Uskayaw
Xom

Shops:
D:4 ?


Innate Abilities, Weirdness & Mutations

You have very sharp teeth.
Your uncanny sense of smell can sniff out nearby items.
Your experience applies equally to all skills.


Message History

You slash the skeletal warrior!
The skeletal warrior is almost destroyed.
You hit the skeletal warrior but do no damage.
You hit the skeletal warrior but do no damage.
The skeletal warrior is moderately damaged.
You hit the skeletal warrior but do no damage.
You hit the skeletal warrior but do no damage.
You bite the skeletal warrior, but do no damage.
The skeletal warrior is moderately damaged.
You slash the skeletal warrior!
You destroy the skeletal warrior!
Okawaru accepts your kill.
You slice the skeletal warrior!! Your bite misses the skeletal warrior.
The skeletal warrior is severely damaged.
You block the skeletal warrior's attack.
You hit the skeletal warrior.
The skeletal warrior is severely damaged.
You closely miss the skeletal warrior. You hit the skeletal warrior.
The skeletal warrior is almost destroyed.
You slash the skeletal warrior!
The skeletal warrior hits you with a +0 battleaxe!
You block the skeletal warrior's attack.
You slash the skeletal warrior!
The skeletal warrior is almost destroyed.
You hit the skeletal warrior but do no damage.
You hit the skeletal warrior.
The skeletal warrior is almost destroyed.
You barely miss the skeletal warrior.
The skeletal warrior hits you with a +0 battleaxe!!
* * * LOW HITPOINT WARNING * * *
The skeletal warrior misses you.
Casting: Foxfire (safe; 3% risk of failure)
Confirm with . or Enter, or press ? or * to list all spells.
You miscast Blink.
You are very lightly contaminated with residual magic.
Nothing appears to happen.
You block the skeletal warrior's attack.
The skeletal warrior hits you with a +0 battleaxe!!
You die...

....# ## ##.##... ##.##
##..>#..## #...#
#........## ##..###
##..##....
#.....#####....#..#
#....)#).##.....).##
#....)..........#..#
#####...@z##..##....#<.##
##..#...##z.#..#.....#..#.
#....#..z.z###.......#....
##...###...†.#...........##
#.....#....####.##.........
##.........# ###..........
##.........### #..........
#............# .........÷)
##.......#.................


You could see 3 skeletal warriors.

Vanquished Creatures
  Fannar (D:11)
  The ghost of Demosthentine the Fighter, a journeyman DsGl (D:10)
  A centaur warrior (D:9)
  4 two-headed ogres
  The ghost of juan097 the Slicer, a novice OpBr of Ru (D:10)
  A skeletal warrior (D:12)
  An ugly thing (D:11)
  2 manticores
  A water nymph (shapeshifter) (D:9)
  A kobold demonologist (D:11)
  11 trolls
  Prince Ribbit (D:6)
  A hornet (D:10)
  Grinder (D:6)
  3 wyverns (D:8)
  Sigmund (D:2)
  2 shadows (D:12)
  A slime creature (D:9)
  13 yaks
  A basilisk (D:8)
  A golden eye (shapeshifter) (D:9)
  9 vampire mosquitoes
  A steam dragon (D:7)
  7 water moccasins
  2 acid dragons
  2 ice beasts
  3 orc warriors
  3 sky beasts
  3 black bears
  2 ogres (D:6)
  2 wolves (D:8)
  8 centaurs
  2 kobold brigands
  A phantom (D:4)
  6 bullfrogs
  2 scorpions
  3 gnoll sergeants
  12 wights
  8 killer bees
  4 crimson imps (D:5)
  2 jellies
  6 hounds
  2 gnoll boudas
  5 orc priests
  7 iguanas
  Natasha (thrice) (D:3)
  Robin (D:4)
  11 adders
  24 gnolls
  2 shadow imps (D:7)
  A white imp (D:7)
  2 ufetubi
  3 worms
  3 dart slugs
  13 orcs
  5 ball pythons
  7 endoplasms
  5 giant cockroaches
  17 goblins
  8 hobgoblins
  4 quokkas
  7 bats
  3 frilled lizards (D:3)
  16 kobolds
  5 rats
292 creatures vanquished.

Vanquished Creatures (collateral kills)
  4 foxfires (D:3)
4 creatures vanquished.

Vanquished Creatures (others)
  A bush (D:8)
  306 foxfires
  A fungus (D:8)
  14 plants
  4 withered plants (D:10)
326 creatures vanquished.

Grand Total: 622 creatures vanquished

Notes
Turn   | Place    | Note
-------+----------+-------------------------------------------
     0 | D:1      | FexLirch the Gnoll Wanderer began the quest for the Orb.
     0 | D:1      | FexLirch set off with the following items: a +0 club, a
                  | potion of curing, a scroll of fog, a +0 leather armour, a
                  | +2 buckler; and the following spell memorised: Foxfire; and
                  | the following spells available to memorise: Inner Flame.
     0 | D:1      | Reached XP level 1. HP: 23/23 MP: 4/4
   174 | D:1      | Reached XP level 2. HP: 26/29 MP: 3/5
  1027 | D:2      | Noticed Sigmund
  1041 | D:1      | Reached XP level 3. HP: 29/35 MP: 2/7
  1204 | D:2      | Reached skill level 1 in Invocations
  1261 | D:2      | Learned a level 3 spell: Summon Guardian Golem
  1275 | D:2      | Reached skill level 1 in Short Blades
  1275 | D:2      | Reached skill level 1 in Long Blades
  1275 | D:2      | Reached skill level 1 in Axes
  1275 | D:2      | Reached skill level 1 in Maces & Flails
  1275 | D:2      | Reached skill level 1 in Polearms
  1275 | D:2      | Reached skill level 1 in Staves
  1275 | D:2      | Reached skill level 1 in Ranged Weapons
  1275 | D:2      | Reached skill level 1 in Throwing
  1275 | D:2      | Reached skill level 1 in Dodging
  1275 | D:2      | Reached skill level 1 in Stealth
  1275 | D:2      | Reached skill level 1 in Unarmed Combat
  1275 | D:2      | Reached skill level 1 in Evocations
  1290 | D:3      | Found a faded altar of an unknown god.
  1458 | D:3      | Identified the +8 quarterstaff "Kugo Zugau" {vamp, rElec
                  | rC+ Str+2}
  1524 | D:3      | Reached XP level 4. HP: 25/41 MP: 8/8
  1731 | D:3      | Reached skill level 1 in Conjurations
  1731 | D:3      | Reached skill level 1 in Hexes
  1731 | D:3      | Reached skill level 1 in Summonings
  1731 | D:3      | Reached skill level 1 in Necromancy
  1731 | D:3      | Reached skill level 1 in Translocations
  1731 | D:3      | Reached skill level 1 in Transmutations
  1731 | D:3      | Reached skill level 1 in Ice Magic
  1731 | D:3      | Reached skill level 1 in Air Magic
  1731 | D:3      | Reached skill level 1 in Earth Magic
  1731 | D:3      | Reached skill level 1 in Poison Magic
  1752 | D:3      | Noticed Natasha
  1758 | D:3      | Killed Natasha
  1894 | D:3      | Noticed Natasha
  1899 | D:3      | Killed Natasha
  1900 | D:3      | Reached XP level 5. HP: 47/47 MP: 3/9
  1964 | D:3      | Noticed Natasha
  1974 | D:3      | Killed Natasha
  2441 | D:4      | Found a staircase to the Ecumenical Temple.
  2450 | D:4      | You fall into a shaft and drop 3 floors!
  2496 | D:7      | Reached XP level 6. HP: 53/53 MP: 5/11
  2566 | D:6      | Noticed Prince Ribbit
  2655 | D:6      | Reached XP level 7. HP: 33/60 MP: 7/12
  2662 | D:6      | Found an iron altar of Okawaru.
  2668 | D:6      | Identified the +9 hand axe of Rokkeq {venom, rC+ rN+}
  2746 | D:6      | Became a worshipper of Warmaster Okawaru
  2903 | D:6      | Noticed Grinder
  2913 | D:6      | Paralysed by Grinder for 3 turns
  2919 | D:6      | Killed Grinder
  2919 | D:6      | Reached * piety under Okawaru
  2920 | D:6      | Reached XP level 8. HP: 66/67 MP: 11/14
  2923 | D:5      | Entered Level 5 of the Dungeon
  2926 | D:5      | Found a snail-covered altar of Cheibriados.
  2965 | D:6      | Found a white marble altar of Elyvilon.
  3273 | D:6      | Killed Prince Ribbit
  3590 | D:5      | Found a hide-covered altar of Uskayaw.
  3718 | D:5      | Found a shimmering altar of Xom.
  3964 | D:5      | Reached ** piety under Okawaru
  3965 | D:5      | Reached skill level 5 in Fire Magic
  4007 | D:5      | Reached XP level 9. HP: 68/73 MP: 16/16
  4048 | D:5      | Found a sparkling altar of Nemelex Xobeh.
  4298 | D:4      | Reached skill level 5 in Spellcasting
  4601 | D:2      | Killed Sigmund
  5061 | D:4      | Noticed Robin
  5077 | D:4      | Killed Robin
  5102 | D:4      | Found Dafog's Magic Scroll Boutique.
  5106 | D:4      | Bought a scroll of teleportation for 42 gold pieces
  5106 | D:4      | Bought a scroll of blinking for 105 gold pieces
  5129 | D:4      | Reached skill level 5 in Armour
  5953 | D:7      | Reached skill level 5 in Invocations
  5957 | D:7      | Reached *** piety under Okawaru
  5965 | D:7      | Learned a level 3 spell: Swiftness
  5968 | D:7      | Learned a level 2 spell: Passwall
  6223 | D:7      | Reached skill level 5 in Short Blades
  6223 | D:7      | Reached skill level 5 in Long Blades
  6223 | D:7      | Reached skill level 5 in Axes
  6223 | D:7      | Reached skill level 5 in Maces & Flails
  6223 | D:7      | Reached skill level 5 in Polearms
  6223 | D:7      | Reached skill level 5 in Staves
  6223 | D:7      | Reached skill level 5 in Ranged Weapons
  6223 | D:7      | Reached skill level 5 in Throwing
  6223 | D:7      | Reached skill level 5 in Dodging
  6223 | D:7      | Reached skill level 5 in Stealth
  6223 | D:7      | Reached skill level 5 in Unarmed Combat
  6223 | D:7      | Reached skill level 5 in Evocations
  6223 | D:7      | Reached XP level 10. HP: 27/81 MP: 18/18
  6262 | D:7      | Noticed a two-headed ogre
  6364 | D:7      | Reached **** piety under Okawaru
  6410 | D:7      | Killed a two-headed ogre
  6914 | D:8      | Found a staircase to the Lair.
  6989 | D:8      | Reached ***** piety under Okawaru
  7290 | D:8      | Learned a level 3 spell: Kindle Blastsparks
  7603 | D:8      | Found a shadowy altar of Dithmenos.
  7931 | D:8      | Reached skill level 5 in Conjurations
  7931 | D:8      | Reached skill level 5 in Hexes
  7931 | D:8      | Reached skill level 5 in Summonings
  7931 | D:8      | Reached skill level 5 in Necromancy
  7931 | D:8      | Reached skill level 5 in Translocations
  7931 | D:8      | Reached skill level 5 in Transmutations
  7931 | D:8      | Reached skill level 5 in Ice Magic
  7931 | D:8      | Reached skill level 5 in Air Magic
  7931 | D:8      | Reached skill level 5 in Earth Magic
  7931 | D:8      | Reached skill level 5 in Poison Magic
  8149 | D:8      | Reached XP level 11. HP: 84/89 MP: 21/21
  8545 | D:9      | Noticed a harpy
  8546 | D:9      | a harpy changed into a water nymph
  8590 | D:9      | Noticed a manticore
  8604 | D:9      | Killed a manticore
  8721 | D:9      | Noticed a two-headed ogre
  8749 | D:9      | Killed a two-headed ogre
  9017 | D:9      | Learned a level 2 spell: Blink
  9020 | D:9      | Learned a level 2 spell: Lesser Beckoning
  9251 | D:9      | Noticed a centaur warrior
  9259 | D:9      | Killed a centaur warrior
  9452 | D:10     | Entered Level 10 of the Dungeon
  9491 | D:10     | Identified the +7 short sword of Disharmony {speed, *Slow
                  | rF+ Dex+10} (Okawaru gifted it to you on level 10 of the
                  | Dungeon)
  9491 | D:10     | Received a gift from Okawaru
  9675 | D:10     | Found a staircase to the Orcish Mines.
  9807 | D:10     | Found a runed translucent gate.
  9807 | D:10     | Found a runed translucent gate.
  9808 | D:10     | Found a runed translucent gate.
  9809 | D:10     | Noticed juan097's ghost (novice OpBr)
  9810 | D:10     | Noticed Demosthentine's ghost (journeyman DsGl)
 10227 | D:10     | Killed Demosthentine's ghost
 10238 | D:10     | Killed juan097's ghost
 10577 | D:11     | Reached XP level 12. HP: 16/97 MP: 10/23
 10843 | D:11     | Noticed a two-headed ogre
 10886 | D:11     | Killed a two-headed ogre
 10986 | D:11     | Noticed Fannar
 11022 | D:11     | Reached ****** piety under Okawaru
 11069 | D:11     | Killed Fannar
 11069 | D:11     | Received a gift from Okawaru
 11263 | D:11     | Reached skill level 10 in Fighting
 11263 | D:11     | Reached skill level 10 in Shields
 11623 | D:11     | Noticed a two-headed ogre
 11635 | D:11     | Killed a two-headed ogre
 11635 | D:11     | Received a gift from Okawaru
 11863 | D:11     | Found a bloodstained altar of Trog.
 12320 | D:12     | Received a gift from Okawaru
 12763 | D:12     | Demolished by a skeletal warrior

Illustrated notes

Levels and vault maps discovered:
D:1:      wheals_arrival_linesprint, layout_loops_cross, minmay_tetromino_o2
D:2:      layout_basic, uniq_sigmund
D:3:      layout_loops_cross, nicolae_ecumenical_pavilion, st_stairs_4,
          minmay_misc_feat_doors, hangedman_glass_teeth,
          lexackson_kobold_supper, uniq_natasha
D:4:      layout_basic, temple_statues, serial_shops, shop,
          minmay_misc_feat_rows, uniq_robin
D:5:      layout_loops_ring, nicolae_overflow_hidden_temple, marbit_many_paths,
          led_xom_imps, overflow_temple_1_default, gup_sewer_entry_pipe
D:6:      layout_basic, nicolae_elyvilon_peaceful_grove,
          okawaru_ov_weapons_minmay, uniq_grinder, uniq_prince_ribbit1
D:7:      layout_basic, enter_bailey_2, grunt_ministairs_11,
          minmay_alternating_orb
D:8:      layout_basic, grunt_dithmenos_smoke_and_mirrors,
          minmay_lair_entry_grove, kennysheep_generic_room_2
D:9:      minmay_tri_box, layout_small_grid, kennysheep_generic_room_10
D:10:     layout_rooms, david_orc_2, gammafunk_ghost_cemetery
D:11:     lemuel_troll_bridge, layout_basic, minivault_11, tgw_trog, uniq_fannar
D:12:     gammafunk_cloud_chamber, layout_cave_pools

Skill      XL: |  1  2  3  4  5  6  7  8  9 10 11 12 |
---------------+-------------------------------------+-----
Invocations    | 1 2 3 4 5 6 7 8 |  8.6
Short Blades   | 1 2 3 5 6 7 |  7.9
Long Blades    | 1 2 3 5 6 7 |  7.9
Axes           | 1 2 3 5 6 7 |  7.9
Maces & Flails | 1 2 3 5 6 7 |  7.9
Polearms       | 1 2 3 5 6 7 |  7.9
Staves         | 1 2 3 5 6 7 |  7.9
Ranged Weapons | 1 2 3 5 6 7 |  7.9
Throwing       | 1 2 3 5 6 7 |  7.9
Dodging        | 1 2 3 5 6 7 |  7.9
Stealth        | 1 2 3 5 6 7 |  7.9
Unarmed Combat | 1 2 3 5 6 7 |  7.9
Evocations     | 1 2 3 5 6 7 |  7.9
Spellcasting   | 3 4 5 6 7 8 |  8.4
Conjurations   | 1 2 3 4 5 6 |  6.5
Hexes          | 1 2 3 4 5 6 |  6.5
Summonings     | 1 2 3 4 5 6 |  6.5
Necromancy     | 1 2 3 4 5 6 |  6.5
Translocations | 1 2 3 4 5 6 |  6.5
Transmutations | 1 2 3 4 5 6 |  6.5
Ice Magic      | 1 2 3 4 5 6 |  6.5
Air Magic      | 1 2 3 4 5 6 |  6.5
Earth Magic    | 1 2 3 4 5 6 |  6.5
Poison Magic   | 1 2 3 4 5 6 |  6.5
Armour         | 3 4 5 6 7 8 |  8.3
Fire Magic     | 4 5 6 7 |  7.7
Fighting       | 7 8 9 10 | 10.3
Shields        | 7 8 9 10 | 10.3

Action                     |  1- 3 |  4- 6 |  7- 9 | 10-12 || total
---------------------------+-------+-------+-------+-------++-------
  Melee: Club              |    31 |       |       |       ||    31
         Bite              |     5 |     5 |    14 |    72 ||    96
         Whip              |    62 |       |       |       ||    62
         Quarterstaff      |       |    50 |     4 |       ||    54
         Hand axe          |       |       |   201 |   328 ||   529
         Unarmed           |       |       |     9 |       ||     9
         Short sword       |       |       |       |   260 ||   260
  Throw: Dart              |       |       |       |     2 ||     2
   Cast: Foxfire           |    31 |    49 |    30 |    74 ||   184
         Kindle Blastspark |       |       |       |    47 ||    47
         Swiftness         |       |       |       |     2 ||     2
         Blink             |       |       |       |     1 ||     1
 Invoke: Heroism           |       |       |       |     3 ||     3
         Finesse           |       |       |       |     2 ||     2
    Use: Scroll            |     2 |     3 |     2 |     7 ||    14
         Potion            |       |       |       |     2 ||     2
   Stab: Sleeping          |       |       |     7 |     4 ||    11
         Distracted        |       |       |     1 |       ||     1
 Armour: Leather armour    |    42 |    37 |    71 |    13 ||   163
         Ring mail         |       |       |       |   150 ||   150
  Dodge: Dodged            |    54 |    30 |    97 |   314 ||   495
  Block: Buckler           |    30 |       |    66 |   192 ||   288
         Tower shield      |       |       |       |    55 ||    55
         Reflection        |       |       |       |     7 ||     7

Table legend: (Time is in decaauts)
 A = Elapsed time spent in this place.
 B = Non-inter-level travel time spent in this place.
 C = Inter-level travel time spent in this place.
 D = Time resting spent in this place.
 E = Time spent auto-exploring this place.
 F = Levels seen in this place.
 G = Mean time per level.
                   A        B        C        D        E       F      G
               +--------+--------+--------+--------+--------+-----+--------+
         Total |  12630 |  12103 |    527 |    594 |   8801 |  12 | 1052.5 |
       Dungeon |  12630 |  12103 |    527 |    594 |   8801 |  12 | 1052.5 |
               +--------+--------+--------+--------+--------+-----+--------+

Top non-repeatable levels by time:
    D:11: 2020 daAuts
     D:8: 1612 daAuts
     D:7: 1489 daAuts
     D:3: 1240 daAuts
     D:1: 1069 daAuts
     D:9: 969 daAuts
     D:6: 897 daAuts
    D:10: 892 daAuts
     D:5: 888 daAuts
     D:4: 727 daAuts
     D:2: 611 daAuts
    D:12: 211 daAuts
